 Dungeon Crawl Stone Soup version 0.19-a0-1008-g4c63d25 (webtiles) character file.

66 epen the Conjurer (level 3, -1/29 HPs)
             Began as a Minotaur Conjurer on July 23, 2016.
             Slain by a goblin (2 damage)
             ... on level 2 of the Dungeon.
             The game lasted 00:02:55 (1752 turns).

epen the Conjurer (Minotaur Conjurer)               Turns: 1752, Time: 00:02:56

Health: -1/29      AC:  2    Str: 13    XL:     3   Next: 96%
Magic:  4/4        EV: 18    Int: 17    God:
Gold:   80         SH:  0    Dex: 15    Spells: 1 memorised, 3 levels left

rFire  . . .     SeeInvis .     m - +0 hand axe
rCold  . . .     Gourm    .     a - +0 robe
rNeg   . . .     Faith    .     (no shield)
rPois  .         Spirit   .     (helmet restricted)
rElec  .         Dismiss  .     (no cloak)
rCorr  .         Reflect  .     (no gloves)
SustAt .         Harm     .     (no boots)
MR     .....                    (no amulet)
Stlth  +++.......               (no ring)
                                (no ring)

@: brilliant, agile, lethally poisoned (-1 -> -7), not resistant to hostile
enchantments, fairly stealthy
A: retaliatory headbutt, horns 2
a: no special abilities


You were on level 2 of the Dungeon.
You were not hungry.

You visited 1 branch of the dungeon, and saw 2 of its levels.

You collected 80 gold pieces.

Inventory:

Hand Weapons
 m - a +0 hand axe (weapon)
Armour
 a - a +0 robe (worn)
Wands
 k - a wand of paralysis (17/24)
Scrolls
 d - a scroll of immolation {unknown}
 e - a scroll of recharging {unknown}
 f - a scroll of fear
 g - a scroll of magic mapping {unknown}
 h - a scroll of teleportation {unknown}
 i - a scroll of identify {unknown}
Potions
 p - a potion of berserk rage {unknown}
Books
 b - a book of Conjurations

   Spells                             Type                      Level
   a - Magic Dart                     Conjuration                  1
   b - Searing Ray                    Conjuration                  2
   c - Dazzling Spray                 Conjuration/Hexes            3
   d - Fulminant Prism                Conjuration/Hexes            4
   e - Iskenderun's Mystic Blast      Conjuration                  4
   f - Iskenderun's Battlesphere      Conjuration/Charms           5
Comestibles
 c - a bread ration
 n - a beef jerky


   Skills:
 + Level 1.9 Fighting
 * Level 1.2 Axes
 + Level 1.6 Armour
 + Level 2.8 Dodging
 - Level 1.5 Stealth
 - Level 1.9 Unarmed Combat
 - Level 1.3 Spellcasting
 - Level 2.9 Conjurations


You had 3 spell levels left.
You knew the following spells:

 Your Spells              Type           Power        Failure   Level  Hunger
a - Magic Dart            Conj           ###.         1%          1    ##.....


Dungeon Overview and Level Annotations

Branches:
Dungeon (2/15)

Altars:


Innate Abilities, Weirdness & Mutations

You reflexively headbutt those who attack you in melee.
You have a pair of horns on your head.


Message History

You feel sick. The goblin hits you.
* * * LOW HITPOINT WARNING * * *
The kobold hits you with a short sword.
* * * LOW HITPOINT WARNING * * *
You are too injured to fight recklessly!
You are too injured to fight recklessly!
You are too injured to fight recklessly!
Unknown command.
It was a potion of brilliance.
You feel clever all of a sudden. The goblin hits you.
* * * LOW HITPOINT WARNING * * *
The kobold hits you with a short sword.
* * * LOW HITPOINT WARNING * * *
Unknown command.
It was a potion of agility.
You feel agile all of a sudden.
* * * LOW HITPOINT WARNING * * *
You feel sick. The goblin hits you.
You die...

.......(...#........
...........†........
?.......(.#...!....
......(.#........
##...............
##...#%<...!.....
##(....g...##....#
#Kg###.#...####...
#@## ####(## #...
#.# #'# #... #.#
#≈≈≈.≈≈≈#.... ..#
#≈≈≈≈≈≈≈##..# ...#
#≈.≈..≈.# .....
#.......# .....#
#..g....# ......#
#g..g...# .>.....#
.........


You could see a goblin and a kobold.

Vanquished Creatures
  2 adders (D:2)
  A worm (D:2)
  2 giant geckos
  5 bats
  A giant cockroach (D:1)
  7 goblins
  4 hobgoblins
  3 jackals (D:1)
  2 quokkas (D:2)
  2 ball pythons
  6 giant newts
  3 kobolds (D:1)
  5 rats
43 creatures vanquished.

Notes
Turn   | Place    | Note
-------+----------+-------------------------------------------
     0 | D:1      | epen the Minotaur Conjurer began the quest for the Orb.
     0 | D:1      | Reached XP level 1. HP: 14/14 MP: 1/1
   352 | D:1      | Reached skill level 1 in Armour
   352 | D:1      | Reached XP level 2. HP: 12/22 MP: 3/3
   354 | D:1      | Reached skill level 1 in Fighting
   363 | D:1      | Reached skill level 1 in Unarmed Combat
  1123 | D:2      | Reached XP level 3. HP: 19/28 MP: 4/4
  1226 | D:1      | Noticed an ogre
  1504 | D:2      | Found a faded altar of an unknown god.
  1749 | D:2      | Reached skill level 1 in Axes
  1751 | D:2      | HP: 1/29 [kobold/short sword (3)]
  1752 | D:2      | Slain by a goblin

Vault maps used:
D:1:      dpeg_arrival_sounds_slurp
D:2:      ecumenical_altar_1, minmay_goblin_outpost

Skill      XL: |  1  2  3 |
---------------+----------+-----
Armour         | 1 |  1.6
Fighting       | 1 |  1.9
Unarmed Combat | 1 |  1.9
Axes           | 1 |  1.2
Dodging        | |  2.8
Stealth        | |  1.5
Spellcasting   | |  1.3
Conjurations   | |  2.9

Action                   || total
-------------------------++-------
Melee: Unarmed           ||   106
       Headbutt          ||    14
       Hand axe          ||    18
  Use: Potion            ||     2
       Scroll            ||     1
 Stab: Distracted        ||     1
  Eat: Chunk             ||     3
Armor: Robe              ||    30
Dodge: Dodged            ||   115
